 Dungeon Crawl Stone Soup version 0.14.0-12-g87ee3b7 (webtiles) character file.

214 Ragg the Ruinous (level 4, -9/24 HPs)
             Began as a Deep Elf Conjurer on Apr 16, 2014.
             Killed by divine providence
             ... invoked by an orc priest
              (11 damage)
             ... on Level 3 of the Dungeon.
             The game lasted 00:06:52 (2349 turns).

Ragg the Ruinous (Deep Elf Conjurer)                Turns: 2349, Time: 00:06:53

HP  -9/24        AC  4     Str  5      XL: 4   Next: 89%
MP   4/13        EV 13     Int 21      God:
Gold 84          SH  0     Dex 15      Spells:  1 memorised,  8 levels left

rFire  . . .     SeeInvis .     p - +0 dagger
rCold  + . .     Clarity  .     a - +0 robe
rNeg   . . .     Conserve .     (no shield)
rPois  .         rCorr    .     (no helmet)
rElec  .         rRot     .     w - +0 cloak
SustAb + .       Spirit   .     g - +0 pair of gloves
rMut   .         Warding  .     (no boots)
Saprov . . .     Stasis   .     (no amulet)
MR     .....                    s - ring of protection from cold {unknown}
                                n - ring of sustain abilities {unknown}

@: not resistant to hostile enchantments, fairly stealthy
A: no striking features
a: no special abilities


You were on level 3 of the Dungeon.
You were hungry.

You visited 1 branch of the dungeon, and saw 3 of its levels.

You collected 84 gold pieces.

Inventory:

Hand weapons
 p - a +0,+0 dagger (weapon)
Armour
 a - a +0 robe (worn)
 g - a +0 pair of gloves (worn)
 w - a +0 cloak (worn)
Comestibles
 b - 2 bread rations
 d - 2 meat rations
 k - a banana
Scrolls
 m - a scroll of immolation {unknown}
 o - a scroll of remove curse {unknown}
 r - a scroll of identify {unknown}
 t - a scroll of noise {unknown}
 x - a scroll of random uselessness {unknown}
Jewellery
 n - a ring of sustain abilities (left hand) {unknown}
 s - a ring of protection from cold (right hand) {unknown}
Potions
 e - a potion of brilliance {unknown}
 f - a potion of restore abilities
 h - a potion of porridge
 i - a potion of flight {unknown}
 j - 3 potions of curing
 l - a potion of might {unknown}
 v - a potion of heal wounds {unknown}
Books
 c - a book of Conjurations

   Spells                             Type                      Level
   *Magic Dart                        Conjuration                  1
   Searing Ray                        Conjuration                  2
   Dazzling Spray                     Conjuration/Hexes            3
   Fulminant Prism                    Conjuration/Hexes            4
   Iskenderun's Mystic Blast          Conjuration                  4
   Iskenderun's Battlesphere          Conjuration/Charms           5
 u - a book of the Dragon

   Spells                             Type                      Level
   Flight                             Charms/Air                   3
   Cause Fear                         Hexes                        4
   Bolt of Fire                       Conjuration/Fire             6
   Dragon Form                        Transmutation                7
   Dragon's Call                      Summoning                    9


   Skills:
 - Level 2.4 Dodging
 - Level 2.4 Stealth
 - Level 3.0 Spellcasting
 + Level 6.9 Conjurations


You had 8 spell levels left.
You knew the following spells:

 Your Spells              Type           Power        Failure   Level  Hunger
a - Magic Dart            Conj           ####         1%          1    None


Dungeon Overview and Level Annotations

Branches:
Dungeon (3/15)

Altars:

Annotations:
D:2 Sigmund


Message History

The orc wizard casts a spell.
The orc wizard seems to speed up.
An orc comes into view. It is wielding a whip.
An orc priest comes into view. It is wielding a hand axe.
The orc shouts!
The gnoll drinks a potion.
The gnoll flickers and vanishes!
Deactivating autopickup; reactivate with Ctrl-A.
The orc priest utters an invocation to Beogh.
You feel troubled.
The orc throws a dart.
The dart misses you. The orc priest misses you.
An orc comes into view. It is wielding a hand axe.
The orc shouts!
The dart misses you.
The orc priest invokes the aid of Beogh against you.
Something smites you!
Ouch! That really hurt!
* * * LOW HITPOINT WARNING * * *
The orc priest mumbles some strange prayers to Beogh against you.
Something smites you!
You die...

##.# #.......# #.##.##.#
#.## #.......# #.##.##.#
#..# #.......# #.##.##.#
##.# #.......# #...)...#
#.# #.......# ####.####
#.###.##.##.# #.#
####........##.# #.#
#........#####(######.#
#.##.##..o.oK.@......<#
#.##.##..o..o..##.....#
#.##....o...#..##)##.##
###.#####..#........##.#
....#####..##(#..##.....
#.o......##.#........#.
#.######......###.#####.
###.# ###...## #.# .#
....### #...# #.# #


You could see 2 orc priests, an orc wizard, 2 orcs and a kobold.

Vanquished Creatures
  Terence (D:2)
  2 gnolls (D:3)
  4 adders
  2 worms (D:3)
  2 giant geckos
  An ooze (D:2)
  2 orcs (D:3)
  A ball python (D:1)
  10 bats
  2 hobgoblins
  3 kobolds
  A quokka (D:3)
  7 giant cockroaches
  A giant newt (D:1)
  8 goblins
  5 rats
52 creatures vanquished.

Notes
Turn   | Place    | Note
--------------------------------------------------------------
     0 | D:1      | Ragg, the Deep Elf Conjurer, began the quest for the Orb.
     0 | D:1      | Reached XP level 1. HP: 10/10 MP: 5/5
   362 | D:1      | Reached XP level 2. HP: 15/15 MP: 6/8
   442 | D:1      | Reached skill level 5 in Conjurations
   959 | D:2      | Reached XP level 3. HP: 19/19 MP: 6/10
  1448 | D:2      | Reached skill level 6 in Conjurations
  1464 | D:2      | Noticed Terence
  1470 | D:2      | Killed Terence
  1470 | D:2      | Reached XP level 4. HP: 21/24 MP: 5/13
  1562 | D:2      | Noticed Sigmund
  2349 | D:3      | Killed from afar by an orc priest

Action                   |  1- 3 |  4- 6 || total
-------------------------+-------+-------++-------
Melee: Dagger            |       |     1 ||     1
 Cast: Magic Dart        |    66 |    62 ||   128
  Use: Potion            |       |     3 ||     3
